 Dungeon Crawl Stone Soup version 0.27-a0-965-gbf8bb431c4 (webtiles) character file.

Game seed: 8526985378201057509

1 leviel the Magician (level 1, 0/15 HPs)
             Began as a Djinni Summoner on Apr 12, 2021.
             Slain by a jackal (2 damage)
             ... on level 1 of the Dungeon.
             The game lasted 00:01:04 (219 turns).

leviel the Magician (Djinni Summoner)                Turns: 219, Time: 00:01:04

Health: 0/15       AC:  2    Str:  7    XL:     1   Next: 20%
Gold:   9          EV: 12    Int: 16    God:
                   SH:  0    Dex: 13

rFire    + + .     SeeInvis .   (no weapon)
rCold    x . .     Faith    .   (no shield)
rNeg     . . .     Spirit   .   a - +0 robe
rPois    ∞         Reflect  .   (no helmet)
rElec    .         Harm     .   (no cloak)
rCorr    .         Rampage  .   (no gloves)
Will     .....                  (boots unavailable)
Stlth    ++........             (no amulet)
HPRegen  0.05/turn              (no ring)
MPRegen  0.00/turn              (no ring)

@: flying
A: fire resistance 2, cold vulnerability 1, float, innate caster, hp casting,
extra vitality 1
a: no special abilities


You were on level 1 of the Dungeon.
You visited 1 branch of the dungeon, and saw 1 of its levels.

You collected 9 gold pieces.

Inventory:

Armour
 a - a +0 robe (worn)
Scrolls
 b - a scroll of magic mapping {unknown}
 c - a scroll of immolation {unknown}
Potions
 d - a potion of heal wounds {unknown}


   Skills:
 + Level 2.1 Dodging
 + Level 1.5 Stealth
 + Level 3.6 Spellcasting


You couldn't memorise any spells.
You knew the following spells:

 Your Spells              Type           Power      Damage    Failure   Level
a - Summon Small Mammal   Summ           56%        N/A       3%          1
b - Call Imp              Summ           14%        N/A       6%          2
c - Call Canine Familiar  Summ           14%        N/A       12%         3
d - Summon Guardian Gole  Hex/Summ       14%        N/A       12%         3
e - Summon Lightning Spi  Summ/Air       14%        N/A       36%         4
f - Summon Ice Beast      Ice/Summ       14%        N/A       36%         4
Your spell library was empty.

Dungeon Overview and Level Annotations

Branches:
Dungeon (1/15)

Altars:

Shops:
D:1 *


Innate Abilities, Weirdness & Mutations

You are immune to poison.
Your flesh is very heat resistant. (rF++)
You are vulnerable to cold. (rC-)
You float through the air rather than walking.
You learn spells naturally, not from books.
Your magical power is your life essence.
You have superior vitality. (+4 HP)


Message History

Your bat barely misses the jackal.
The jackal bites your bat.
Your bat hits the jackal but does no damage.
Your bat hits the jackal but does no damage. x2
The jackal closely misses your bat.
You swap places.
Your bat hits the jackal. The jackal bites your bat.
Your bat dies!
Your bat's corpse disappears in a puff of smoke!
The jackal barely misses your bat.
Your bat closely misses the jackal.
Your bat hits the jackal but does no damage.
Your bat barely misses the jackal.
The jackal barely misses your bat.
Your bat hits the jackal but does no damage.
The jackal bites your bat.
Your bat hits the jackal but does no damage.
What are your orders? t - Shout!
Orders for allies: a - Attack new target. r - Retreat! s - Stop attacking. g - Guard the area. f - Follow me.
Anything else - Cancel.
Gang up on whom?
Press: ? - help, Dir - move target, f - jackal
Aim: a jackal (almost dead, ally target) Attack!
Your bat barely misses the jackal.
The jackal bites your bat.
Your bat dies!
Your bat's corpse disappears in a puff of smoke!
The jackal barely misses you. The jackal bites you.
* * * LOW HITPOINT WARNING * * *
The jackal barely misses you. The jackal closely misses you.
You hit the jackal but do no damage.
The jackal is almost dead.
The jackal bites you but does no damage.
You are too injured to fight recklessly!
You are too injured to fight recklessly!
You are too injured to fight recklessly!
You closely miss the jackal.
The jackal is almost dead.
The jackal bites you.
You die...

.. #### ######..# ..
..# #..# .. #.# #..#
..#####.#########..#
..Kh......†.......∩#
?################.##
#K# #######h##
#.....@#.# #
#.#####.## # #.# ###
# #.# # #.#
###########.#
............#
#############


You could see a jackal and a kobold.

Vanquished Creatures (collateral kills)
  2 jackals (D:1)
2 creatures vanquished.

Notes
Turn   | Place    | Note
-------+----------+-------------------------------------------
     0 | D:1      | leviel the Djinni Summoner began the quest for the Orb.
     0 | D:1      | Reached XP level 1. HP: 15/15 MP: 0/0
    46 | D:1      | Found Vixzo's Assorted Antiques.
   219 | D:1      | Slain by a jackal

Illustrated notes

Levels and vault maps discovered:
D:1:      evilmike_arrival_fibonacci_small, layout_loops_ring, serial_shops,
          shop, hellmonk_ecumenical_altar_prayer_group,
          minmay_misc_feat_diagonals

Action                   || total
-------------------------++-------
Melee: Unarmed           ||     2
 Cast: Summon Small Mamm ||     8
Armor: Robe              ||     2
Dodge: Dodged            ||     7

Table legend: (Time is in decaauts)
 A = Elapsed time spent in this place.
 B = Non-inter-level travel time spent in this place.
 C = Inter-level travel time spent in this place.
 D = Time resting spent in this place.
 E = Time spent auto-exploring this place.
 F = Levels seen in this place.
 G = Mean time per level.
                   A        B        C        D        E       F      G
               +--------+--------+--------+--------+--------+-----+--------+
         Total |    219 |    219 |      0 |      0 |    164 |   1 |  219.0 |
       Dungeon |    219 |    219 |      0 |      0 |    164 |   1 |  219.0 |
               +--------+--------+--------+--------+--------+-----+--------+

Top non-repeatable levels by time:
     D:1: 219 daAuts
